Map: Acropolis LE

Players

Lambo - Winner!

  • Race: Zerg Zerg
  • Spawn Location: 5:00

cyan

  • Race: Protoss Protoss
  • League: Master
  • Spawn Location: 11:00

Event: NationWars 2019

VOD

Have the link to the VOD?

Description

Time

  • Played on: Nov. 13, 2019, 3:11 p.m.
  • Length: 21:23
Show
View Real Time Build Order
Export as new Build Order

Lambo Zerg - Winner!

Build Orders: Hatch First, Brood Lord Corruptor 

Get SALT Encoding   

  12  0:00  Drone  
  13  0:12  Overlord  
  13  0:17  Drone  
  14  0:31  Drone x2  
  16  0:47  Hatchery  
  15  0:50  Drone  
  15  0:54  Drone  
  17  0:57  Drone  
  18  1:08  Extractor  
  17  1:12  Spawning Pool  
  17  1:16  Drone  
  17  1:18  Drone  
  18  1:28  Drone  
  19  1:38  Drone  
  20  1:49  Drone  
  21  1:59  Queen x2  
  21  2:00  Zergling x2, Overlord  
  26  2:10  Drone  
  26  2:11  Drone  
  28  2:22  Drone x2  
  30  2:32  Hatchery  
  30  2:34  Drone  
  30  2:35  Drone, Pneumatized Carapace  
  31  2:43  Drone  
  32  2:44  Zergling x2  
  32  2:45  Queen  
  35  2:53  Overlord  
  35  2:59  Drone  
  36  3:12  Spore Crawler  
  36  3:13  Drone x2  
  36  3:14  Metabolic Boost  
  36  3:15  Drone x2  
  36  3:16  Drone x2  
  41  3:25  Queen  
  43  3:32  Zergling x2  
  43  3:36  Overlord  
  43  3:38  Spore Crawler  
  43  3:41  Drone  
  43  3:46  Drone x2  
  43  3:47  Drone x2  
  47  3:48  Drone x2  
  47  3:53  Queen  
  47  3:54  Overlord  
  51  3:59  Spore Crawler  
  51  4:00  Drone x2  
  51  4:02  Overlord  
  52  4:06  Drone x3  
  55  4:13  Zergling x4  
  57  4:19  Drone x2  
  57  4:22  Drone x3  
  62  4:25  Queen  
  62  4:27  Drone x2  
  62  4:28  Drone  
  67  4:33  Drone x2  
  67  4:36  Zergling x4  
  71  4:44  Zergling x4  
  67  4:48  Drone x2  
  67  4:49  Drone  
  69  4:53  Lair  
  69  4:55  Roach Warren  
  69  5:00  Drone x6  
  69  5:03  Overlord  
  69  5:05  Overlord  
  74  5:07  Overlord  
  74  5:09  Evolution Chamber, Overlord  
  74  5:10  Overlord  
  74  5:13  Drone, Extractor  
  73  5:15  Extractor  
  73  5:17  Drone  
  73  5:18  Extractor  
  73  5:20  Drone x2  
  74  5:23  Overlord  
  74  5:24  Extractor  
  74  5:25  Overlord  
  74  5:26  Extractor  
  71  5:29  Drone  
  71  5:30  Drone x2  
  71  5:31  Drone  
  71  5:32  Drone  
  75  5:36  Drone  
  75  5:39  Drone x6  
  75  5:41  Drone  
  81  5:47  Drone x2  
  80  5:53  Spire, Drone  
  79  6:01  Drone x2  
  78  6:04  Zerg Melee Weapons Level 1  
  78  6:05  Drone  
  78  6:06  Drone  
  78  6:08  Drone x4  
  83  6:14  Drone x2  
  83  6:15  Glial Reconstitution  
  83  6:18  Drone x3  
  88  6:26  Hatchery  
  88  6:30  Baneling Nest  
  88  6:31  Overseer  
  86  6:33  Drone x2  
  86  6:34  Infestation Pit  
  86  6:37  Overlord  
  86  6:38  Overlord  
  87  6:41  Overlord  
  87  6:43  Overlord  
  87  6:46  Drone x4  
  91  6:48  Drone x2  
  91  6:49  Drone  
  91  6:51  Drone x2  
  96  6:55  Drone x4  
  96  6:58  Roach  
  102  7:04  Roach x2  
  102  7:08  Roach x4  
  114  7:14  Hive  
  114  7:17  Extractor  
  114  7:18  Zergling x6, Roach x2  
  120  7:23  Overlord  
  120  7:26  Overlord  
  120  7:28  Overlord  
  118  7:30  Roach x3  
  118  7:31  Centrifical Hooks  
  124  7:43  Hatchery  
  123  7:45  Roach x5  
  131  7:53  Drone x2  
  131  7:55  Drone x3  
  131  7:57  Roach x4  
  131  7:58  Ravager x3  
  147  8:05  Zergling x14  
  154  8:06  Ravager x9  
  154  8:07  Baneling  
  154  8:11  Overlord  
  164  8:14  Zergling x10  
  164  8:16  Baneling x5  
  164  8:19  Overlord  
  169  8:22  Zerg Melee Weapons Level 2  
  169  8:23  Overlord  
  169  8:27  Overlord  
  169  8:28  Hatchery  
  169  8:34  Overlord, Greater Spire  
  168  8:35  Zergling x18  
  168  8:38  Baneling  
  168  8:39  Baneling x5  
  168  8:40  Zergling x8  
  180  8:41  Overlord  
  180  8:44  Zergling x2  
  180  8:45  Zergling x4  
  180  8:47  Zergling x2  
  176  8:49  Zergling x2  
  176  8:52  Zergling x2  
  176  8:53  Zergling x8  
  178  9:01  Corruptor x4  
  178  9:02  Extractor  
  185  9:05  Corruptor  
  187  9:15  Corruptor  
  199  9:26  Baneling x7  
  199  9:27  Overlord  
  199  9:30  Overseer, Extractor x2  
  195  9:32  Overlord  
  180  9:49  Zerg Flyer Weapons Level 1  
  174  9:54  Overlord  
  174  9:55  Overlord  
  174  9:57  Zergling x8  
  178  10:02  Brood Lord x4  
  186  10:07  Zergling x26  
  198  10:18  Pathogen Glands  
  198  10:19  Drone x3  
  198  10:20  Drone x3  
  197  10:22  Queen  
  197  10:42  Spine Crawler  
  196  10:43  Zerg Melee Weapons Level 3  
  196  10:44  Spine Crawler, Adrenal Glands  
  196  10:45  Evolution Chamber  
  196  10:47  Evolution Chamber  
  193  10:50  Overlord  
  193  10:52  Overlord  
  193  10:55  Zergling x2  
  193  10:56  Zergling x32  
  193  11:03  Zergling x2  
  188  11:08  Zergling x8  
  187  11:11  Zerg Missile Weapons Level 1  
  187  11:18  Queen  
  186  11:24  Drone x5  
  186  11:25  Drone  
  190  11:26  Neural Parasite  
  190  11:28  Zerg Ground Armor Level 1, Infestor x6  
  197  11:38  Corruptor x2  
  199  11:46  Spore Crawler  
  197  11:48  Spore Crawler x2, Overlord  
  194  11:55  Spore Crawler  
  194  11:56  Drone x7  
  194  11:58  Spore Crawler  
  199  12:04  Overlord  
  199  12:05  Spore Crawler  
  199  12:06  Spore Crawler  
  197  12:09  Spore Crawler x3, Overseer  
  194  12:16  Zerg Flyer Weapons Level 2  
  194  12:18  Infestor x2  
  194  12:19  Infestor  
  197  12:26  Spire  
  197  12:29  Corruptor x2  
  199  12:32  Overlord  
  199  12:40  Brood Lord  
  198  12:47  Spore Crawler  
  198  12:48  Spore Crawler  
  198  12:49  Spore Crawler, Baneling x8  
  195  12:58  Overseer  
  195  13:00  Brood Lord x2  
  199  13:06  Zerg Missile Weapons Level 2  
  199  13:13  Drone  
  199  13:14  Spine Crawler  
  199  13:15  Spine Crawler, Overlord  
  198  13:24  Spine Crawler  
  198  13:25  Spine Crawler  
  195  13:27  Spine Crawler  
  195  13:34  Drone x5  
  195  13:36  Spore Crawler, Brood Lord  
  195  13:37  Spore Crawler  
  195  13:38  Spore Crawler x2  
  187  13:51  Zergling x20  
  187  13:53  Overseer, Brood Lord  
  199  13:58  Overlord  
  199  14:01  Zerg Ground Armor Level 2  
  187  14:03  Zerg Flyer Armor Level 1  
  171  14:10  Zergling x18  
  171  14:16  Baneling x3  
  171  14:17  Baneling x4  
  178  14:18  Drone x7  
  184  14:25  Infestor x2  
  184  14:26  Infestor  
  190  14:31  Overseer  
  190  14:34  Brood Lord, Infestor x3  
  198  14:43  Drone x2  
  198  14:44  Spore Crawler  
  198  14:45  Spore Crawler  
  189  15:02  Infestor x3  
  189  15:03  Drone x8  
  197  15:15  Spine Crawler  
  194  15:28  Infestor x2  
  173  15:52  Corruptor x4  
  173  15:54  Corruptor x3  
  181  15:57  Zergling x2  
  181  15:58  Zergling x22  
  189  16:09  Zergling x16  
  190  16:15  Zergling x2  
  189  16:20  Overseer x2  
  175  16:26  Zergling x10  
  175  16:31  Infestor x4  
  182  16:36  Zerg Flyer Weapons Level 3  
  182  16:42  Brood Lord x3  
  182  16:47  Overlord, Brood Lord  
  190  16:49  Zerg Flyer Armor Level 2  
  190  16:53  Overlord  
  190  17:00  Overlord  
  190  17:08  Brood Lord x2  
  190  17:09  Hatchery, Brood Lord  
  190  17:12  Overseer  
  194  17:23  Spine Crawler  
  194  17:26  Spine Crawler, Corruptor x2  
  196  17:31  Zerg Ground Armor Level 3  
  184  17:52  Extractor  
  184  17:53  Infestor x2  
  184  17:54  Infestor x6  
  184  17:55  Extractor  
  184  17:56  Spine Crawler x3  
  184  17:57  Brood Lord  
  192  17:58  Spine Crawler  
  180  18:24  Zergling x2  
  180  18:25  Zergling x14  
  184  18:36  Zergling x22  
  193  18:57  Overseer  
  193  18:58  Overseer x2  
  193  19:01  Overlord  
  193  19:06  Infestor  
  193  19:08  Overlord  
  193  19:09  Overlord  
  194  19:15  Overlord  
  192  19:19  Overseer  
  192  19:21  Overlord  
  192  19:23  Zergling x26  
  181  19:44  Corruptor x3  
  167  20:09  Infestor x14  
  193  20:21  Drone x6  
  199  20:28  Brood Lord  
  196  20:48  Brood Lord  
  193  21:02  Overseer  
  196  21:09  Overseer  
  196  21:10  Hatchery  
Show
View Real Time Build Order
Export as new Build Order

cyan Protoss 

Build Orders: 1 Gate Expand, Oracle Opening, Carriers, Chargelot Immortal 

Get SALT Encoding   

  12  0:00  Probe  
  13  0:13  Probe  
  14  0:18  Pylon  
  14  0:25  Probe  
  14  0:27  Assimilator  
  15  0:37  Probe (Chrono Boost)  
  16  0:47  Probe (Chrono Boost)  
  16  0:48  Gateway  
  17  0:51  Probe (Chrono Boost)  
  18  1:03  Probe  
  19  1:15  Probe  
  20  1:24  Nexus  
  20  1:35  Cybernetics Core  
  20  1:37  Probe  
  21  1:44  Assimilator  
  21  1:49  Probe  
  21  1:53  Pylon  
  22  2:02  Probe  
  23  2:09  Adept (Chrono Boost)  
  23  2:11  Warp Gate  
  23  2:14  Probe  
  26  2:20  Stargate  
  26  2:26  Probe  
  27  2:30  Stalker (Chrono Boost)  
  27  2:36  Probe  
  30  2:38  Probe  
  31  2:48  Probe  
  31  2:50  Probe  
  33  2:51  Adept  
  35  3:00  Oracle (Chrono Boost), Probe  
  35  3:02  Probe  
  40  3:12  Probe  
  41  3:14  Gateway  
  41  3:15  Probe  
  42  3:23  Gateway  
  42  3:25  Probe (Chrono Boost)  
  43  3:28  Pylon  
  43  3:33  Probe (Chrono Boost)  
  44  3:37  Probe (Chrono Boost)  
  45  3:44  Oracle (Chrono Boost)  
  45  3:45  Probe (Chrono Boost)  
  45  3:46  Probe (Chrono Boost)  
  50  3:48  Pylon  
  50  3:54  Probe  
  51  3:58  Probe  
  51  4:01  Pylon  
  52  4:06  Probe  
  52  4:07  Adept  
  52  4:08  Adept  
  57  4:13  Probe  
  58  4:20  Probe  
  58  4:23  Nexus  
  59  4:24  Assimilator  
  59  4:27  Probe, Assimilator  
  59  4:29  Pylon  
  60  4:33  Probe  
  60  4:37  Pylon  
  61  4:39  Probe  
  61  4:45  Probe  
  59  4:51  Robotics Facility  
  59  4:52  Probe  
  56  4:55  Adept x3  
  56  4:57  Probe  
  63  5:03  Shield Battery  
  63  5:04  Probe  
  64  5:09  Probe, Robotics Facility  
  62  5:17  Probe  
  62  5:20  Sentry x3  
  69  5:21  Probe  
  70  5:29  Probe  
  70  5:32  Forge  
  70  5:34  Probe  
  72  5:40  Probe  
  72  5:42  Immortal  
  77  5:43  Probe  
  78  5:56  Sentry x2  
  78  5:57  Probe, Immortal  
  78  5:58  Probe x2 (Chrono Boost)  
  78  6:02  Stargate  
  85  6:05  Protoss Ground Weapons Level 1 (Chrono Boost)  
  85  6:09  Probe (Chrono Boost)  
  85  6:10  Probe x2 (Chrono Boost)  
  85  6:11  Assimilator  
  86  6:13  Assimilator  
  86  6:14  Pylon  
  88  6:19  Probe x3 (Chrono Boost)  
  88  6:20  Pylon  
  88  6:21  Phoenix  
  88  6:23  Observer, Probe (Chrono Boost)  
  88  6:24  Probe x2  
  90  6:29  Pylon  
  90  6:30  Pylon  
  93  6:35  Pylon, Probe  
  93  6:36  Probe x2  
  93  6:39  Immortal (Chrono Boost)  
  100  6:42  Adept  
  100  6:43  Immortal (Chrono Boost)  
  106  6:48  Phoenix (Chrono Boost)  
  110  6:55  Phoenix (Chrono Boost), Gateway, Twilight Council  
  110  6:59  Gateway  
  110  7:01  Gateway  
  110  7:05  Zealot x2  
  114  7:14  Gateway  
  118  7:17  Gateway  
  114  7:26  Gateway  
  114  7:28  Gateway  
  114  7:31  Nexus  
  114  7:33  Pylon  
  114  7:34  Pylon  
  114  7:39  Charge (Chrono Boost)  
  114  7:40  Immortal x2 (Chrono Boost)  
  122  7:47  Templar Archives  
  122  7:54  Zealot x3  
  128  7:59  Zealot x3  
  128  8:04  Photon Cannon  
  134  8:12  Warp Prism  
  136  8:13  Psionic Storm  
  136  8:18  Protoss Ground Weapons Level 2 (Chrono Boost)  
  136  8:19  Immortal  
  140  8:28  High Templar x3  
  140  8:30  Probe, Photon Cannon  
  140  8:31  Probe x2  
  149  8:38  Photon Cannon  
  149  8:39  Pylon  
  149  8:43  Probe  
  144  8:52  High Templar x2, Zealot x2  
  144  8:53  Zealot x3  
  144  9:00  Sentry  
  144  9:01  Zealot x2  
  150  9:09  Pylon  
  150  9:10  Immortal  
  150  9:13  Immortal  
  150  9:15  Probe x2  
  150  9:16  Assimilator  
  160  9:18  Assimilator  
  160  9:22  Zealot x3  
  164  9:24  Zealot  
  164  9:27  Zealot  
  163  9:41  Zealot x5  
  173  9:46  Fleet Beacon  
  173  9:47  Stargate  
  173  9:51  Pylon  
  173  9:52  Pylon  
  165  10:04  High Templar x3  
  171  10:12  Archon  
  171  10:17  High Templar x2  
  171  10:18  High Templar x2  
  171  10:23  Archon x2  
  171  10:24  High Templar  
  171  10:32  Archon, Tempest (Chrono Boost)  
  176  10:36  Warp Prism  
  176  10:38  Warp Prism  
  176  10:42  Zealot x2  
  184  10:48  Nexus  
  187  10:50  Pylon  
  187  10:51  Pylon  
  187  10:54  Tempest (Chrono Boost)  
  173  11:05  High Templar x2  
  173  11:07  Tempest  
  168  11:29  Photon Cannon x2  
  168  11:30  Tempest  
  168  11:31  Photon Cannon x2  
  169  11:34  Photon Cannon  
  169  11:36  Photon Cannon  
  169  11:38  Photon Cannon  
  169  11:39  Stalker x5  
  179  11:50  Tempest  
  178  12:01  High Templar  
  178  12:03  High Templar  
  178  12:05  Probe x4  
  186  12:10  Assimilator, Zealot x7  
  186  12:15  Protoss Ground Weapons Level 3 (Chrono Boost), Assimilator  
  200  12:21  Protoss Air Weapons Level 1 (Chrono Boost)  
  200  12:25  Dark Shrine  
  184  12:32  Probe x4  
  184  12:34  Probe  
  187  12:40  Observer x2  
  187  12:41  Blink (Chrono Boost)  
  186  13:06  Stargate  
  186  13:10  Stargate, Zealot  
  186  13:11  Robotics Bay  
  186  13:12  Stargate  
  188  13:15  Pylon  
  188  13:19  Cybernetics Core  
  188  13:25  Forge  
  186  13:32  Zealot x8  
  192  13:43  Zealot x2  
  192  13:47  Shield Battery  
  192  13:49  Shield Battery  
  192  13:50  Shield Battery  
  192  13:52  Photon Cannon  
  190  13:59  Gravitic Boosters  
  190  14:05  Protoss Air Armor Level 1 (Chrono Boost)  
  190  14:09  Mothership (Chrono Boost)  
  186  14:10  Protoss Shields Level 1 (Chrono Boost)  
  188  14:17  Stalker x5  
  188  14:20  Dark Templar  
  195  14:25  Dark Templar x2  
  195  14:26  Dark Templar  
  193  14:31  Probe x3  
  193  14:32  Probe  
  193  14:34  Pylon  
  197  14:42  Protoss Ground Armor Level 1  
  197  14:43  Probe  
  194  14:56  Gravitic Drive  
  194  14:57  Carrier  
  196  15:02  Oracle  
  193  15:11  Protoss Air Weapons Level 2 (Chrono Boost), Photon Cannon x3  
  193  15:12  Photon Cannon, Shield Battery  
  193  15:13  Photon Cannon  
  193  15:14  Shield Battery  
  193  15:17  Photon Cannon  
  193  15:26  Tempest x2  
  193  15:27  Zealot  
  193  15:28  Zealot x2  
  197  15:34  Zealot  
  199  15:40  Zealot x2  
  190  15:45  Zealot x4  
  185  15:53  Zealot x3  
  185  15:54  Archon  
  165  15:57  Dark Templar  
  165  15:59  Carrier x2 (Chrono Boost)  
  181  16:07  Dark Templar x2  
  181  16:09  Carrier (Chrono Boost), Stalker x2  
  140  16:32  High Templar x3  
  140  16:33  High Templar x5  
  156  16:41  Archon x2  
  156  16:43  Nexus  
  162  16:47  Carrier (Chrono Boost)  
  158  16:54  Dark Templar  
  160  17:03  Zealot  
  160  17:06  Pylon  
  161  17:12  High Templar x5  
  171  17:17  Archon x2  
  171  17:18  High Templar  
  171  17:19  Pylon  
  171  17:27  Tempest (Chrono Boost)  
  174  17:38  Photon Cannon  
  174  17:40  Photon Cannon  
  174  17:42  Photon Cannon  
  174  17:43  High Templar  
  176  17:44  Zealot  
  176  17:46  Assimilator  
  176  17:50  Assimilator  
  176  18:03  Dark Templar  
  178  18:10  Archon  
  178  18:11  Dark Templar  
  180  18:26  Zealot x5  
  180  18:27  Zealot x2  
  172  18:39  Carrier x2  
  162  18:50  Dark Templar  
  162  18:53  Dark Templar  
  162  18:55  Photon Cannon  
  166  18:57  Shield Battery  
  166  19:04  High Templar x2  
  168  19:19  Zealot x2  
  168  19:20  Zealot x3  
  175  19:27  Pylon, High Templar  
  157  20:04  High Templar  
  157  20:05  High Templar x4  
  158  20:09  Archon x2  
  158  20:12  Stalker x3  
  124  20:20  Zealot x2  
  97  20:45  High Templar x2  
  97  20:46  Zealot x2  
Tags
 
Add a new tag
Caveats
  • Supply blocks, unpowered buildings, or Contaminate may cause inaccurate times.
  • Supply counts are checked every 10 seconds.